[Event "Early-Titled-Tuesday-Blitz-July-09-2024"]
[Site "Chess.com"]
[Date "2024.07.09"]
[Round "5"]
[White "Prizant_academy"]
[Black "Evan_Attaker"]
[Result "1-0"]
[WhiteElo "3020"]
[BlackElo "2741"]
[TimeControl "180+1"]
[EndTime "8:58:28 PDT"]
[Termination "Prizant_academy won by checkmate"]

1. d4 c5 2. d5 d6 3. e4 g6 4. Nc3 Bg7 5. h3 Nf6 6. Nf3 O-O 7. Bd3 Na6 8. O-O Nc7 9. a4 a6 10. Bf4 Bd7 11. a5 Nb5 12. Na4 c4 13. Bxc4 Nxe4 14. Re1 Rc8 15. Rxe4 f5 16. Re1 Rxc4 17.
Bg5 Re8 18. c3 Qxa5 19. Be3 Qd8 20. Nb6 Re4 21. Qd3 Bf6 22. c4 Nc7 23. Bd4 Bxd4 24.
Nxd4 Nb5 25. Rxe4 fxe4 26. Qxe4 Qxb6 27. cxb5 axb5 28. Rc1 b4 29. h4 b3 30. h5 Kg7 31.
hxg6 hxg6 32. Rc3 Qa5 33. Nxb3 Qa2 34. Rg3 Rh8 35. Qxg6+ Kf8 36. Qg7+ Ke8 37. Qxh8+ Kf7 38. Qg7+ Ke8 39. Qg8# 1-0

[Event "Early-Titled-Tuesday-Blitz-July-09-2024"]
[Site "Chess.com"]
[Date "2024.07.09"]
[Round "5"]
[White "Balla_Tamas"]
[Black "profedechess93"]
[Result "1-0"]
[WhiteElo "2481"]
[BlackElo "2617"]
[TimeControl "180+1"]
[EndTime "8:58:28 PDT"]
[Termination "Balla_Tamas won on time"]

1. e4 e6 2. d4 d5 3. Nd2 Be7 4. e5 c5 5. Ngf3 Nc6 6. Bb5 cxd4 7. O-O Bd7 8. Bxc6 bxc6 9. Nxd4 c5 10. N4f3 Bc6 11.
c3 Nh6 12. Re1 Nf5 13. Nf1 O-O 14. Ne3 Nxe3 15. Bxe3 Rb8 16. b3 Qa5 17. Qc2 Rfc8 18. Bg5 Bf8 19. a3 d4 20. b4 Qa6 21. bxc5 Bxf3 22.
gxf3 Rxc5 23. Rab1 Rbc8 24. c4 Rxc4 25. Qe4 d3 26.
Qb7 Qxa3 27. Rbd1 h6 28. Be3 a5 29. Qd7 Bb4 30. Rf1 Rc3 31. Kh1 Qb3 32. Rg1 Qd5 33. Qxd5 exd5 34. Bxh6 g6 35. e6 R3c4 36. e7 Bxe7 37.
Rxd3 Rh4 38. Be3 Rh5 39. Rgd1 Bd6 40. Ra1 1-0

[Event "Early-Titled-Tuesday-Blitz-July-09-2024"]
[Site "Chess.com"]
[Date "2024.07.09"]
[Round "5"]
[White "Statham_01"]
[Black "patzer-reloaded"]
[Result "1-0"]
[WhiteElo "2654"]
[BlackElo "2354"]
[TimeControl "180+1"]
[EndTime "8:58:28 PDT"]
[Termination "Statham_01 won by resignation"]

1. Na3 d5 2. c4 e6 3. d4 Nf6 4. Nf3 c6 5. Nc2 Bd6 6. c5 Bc7 7. g3 Nbd7 8. Bf4 O-O 9. e3 Re8 10. Ne5 Ne4 11. Bd3 Nxe5 12. Bxe5 Bxe5 13. Bxe4 Bf6 14.
Bg2 e5 15. O-O Bf5 16. dxe5 Bxc2 17. Qxc2 Rxe5 18. Rab1 Qe7 19. b4 a6 20. a4 h5 21.
h4 g5 22. hxg5 Rxg5 23. e4 h4 24. Rb3 hxg3 25. Rxg3 Rxg3 26. fxg3 Bd4+ 27. Kh2 Kg7 28. Rf4 Rh8+ 29. Bh3 Be5 30. Rg4+ Kf8 31. Kg2 Qf6 32. b5 axb5 33. axb5 Bd4 34. exd5 cxd5 35. Rf4 Qe5 36. Qf5 Qxf5 37. Rxf5 Bxc5 38. Rxd5 b6 39.
Rd7 Kg7 40. Be6 Rf8 41. Bc4 Kg6 42. Kf3 f6 43. g4 Re8 44. Bf7+ Kg5 45. Bxe8 1-0

[Event "Early-Titled-Tuesday-Blitz-July-09-2024"]
[Site "Chess.com"]
[Date "2024.07.09"]
[Round "5"]
[White "PapaieDudu"]
[Black "carloseduar100"]
[Result "1/2-1/2"]
[WhiteElo "2401"]
[BlackElo "2255"]
[TimeControl "180+1"]
[EndTime "8:58:28 PDT"]
[Termination "Game drawn - insufficient material"]

1. e4 e6 2. Nf3 d5 3. e5 c5 4.
c4 d4 5. d3 Nc6 6. Bf4 g6 7.
Qe2 Bg7 8. g4 Nge7 9. Bg2 b6 10.
Ng5 Bb7 11. Bg3 Qc7 12. O-O h5 13. h3 hxg4 14. hxg4 Nxe5 15. Bxb7 Qxb7 16. Ne4 O-O-O 17. Nbd2 f5 18. f4 Nxg4 19. b4 Rh3 20. Kg2 Rdh8 21. Rh1 Ne3+ 22. Kf2 Rxh1 23. Rxh1 Rxh1 24. Nd6+ Kc7 25.
Nxb7 Kxb7 26. Qf3+ Ka6 27. Qxh1 cxb4 28. a3 bxa3 29. Qa1 Nc6 30. Qxa3+ Kb7 31. Nf3 Ng4+ 32. Kg1 a5 33. Ng5 e5 34. Qd6 exf4 35. Bxf4 Be5 36. Bxe5 Ngxe5 37. Ne6 Ka6 38. Nc7+ Kb7 39. Nb5 a4 40. Qc7+ Ka6 41. Qc8+ Ka5 42. Qa8+ Kb4 43. Na7 Nxa7 44. Qxa7 Nxd3 45. Qxb6+ Kxc4 46. Qa6+ Kc3 47. Qxa4 Nb2 48. Qc6+ Nc4 49. Kf2 d3 50. Ke1 d2+ 51. Ke2 g5 52. Qc5 f4 53. Qxg5 f3+ 54. Kf2 d1=Q 55.
Qf6+ Kc2 56. Qxf3 Qxf3+ 57. Kxf3 1/2-1/2

[Event "Early-Titled-Tuesday-Blitz-July-09-2024"]
[Site "Chess.com"]
[Date "2024.07.09"]
[Round "5"]
[White "SuperGPatzer"]
[Black "tylityli"]
[Result "0-1"]
[WhiteElo "2142"]
[BlackElo "2394"]
[TimeControl "180+1"]
[EndTime "8:58:28 PDT"]
[Termination "tylityli won by resignation"]

1. g4 d5 2. h3 c5 3. c4 d4 4. d3 Nc6 5. Bg2 e5 6. Bxc6+ bxc6 7. Qa4 Bd7 8. Nf3 Bd6 9. Nbd2 Nf6 10. g5 Nh5 11.
Ne4 Be7 12. Nxe5 O-O 13. Nxc6 Qe8 14. Nxe7+ Qxe7 15. Qa5 Rfc8 16. Bd2 Bc6 17. f3 Bxe4 18. fxe4 Qe5 19. O-O-O Ng3 20. Rhe1 Qe6 21. Bf4 Qxh3 22. Bxg3 Qxg3 23. Qd2 Rc6 24. Rg1 Qe5 25. Rdf1 Rb8 26. Rf5 Qh2 27. Rgf1 Rb7 28. Qf4 Qxe2 29. Rxf7 Qxb2+ 30. Kd1 Qb1+ 31. Ke2 Rb2+ 32. Qd2 Rxd2+ 33. Kxd2 Qb2+ 34.
Kd1 Rc8 35. e5 Qc3 36. R1f3 Re8 37. e6 Qa1+ 38. Kd2 Qxa2+ 39. Kd1 Qb1+ 40. Kd2 Qb2+ 41. Kd1 Qb3+ 42. Kd2 Qb8 43. e7 g6 44. Rf8+ Rxf8 45.
exf8=Q+ Qxf8 46. Rxf8+ Kxf8 47. Ke2 Kf7 48. Kf3 Ke6 49.
Ke4 a5 50. Kf4 a4 51. Ke4 a3 52. Kf4 a2 53. Ke4 a1=Q 0-1

[Event "Early-Titled-Tuesday-Blitz-July-09-2024"]
[Site "Chess.com"]
[Date "2024.07.09"]
[Round "5"]
[White "BogdanDeac"]
[Black "dretch"]
[Result "0-1"]
[WhiteElo "3006"]
[BlackElo "2889"]
[TimeControl "180+1"]
[EndTime "8:58:29 PDT"]
[Termination "dretch won on time"]

1. d4 d5 2. Nf3 Nf6 3. Bf4 c5 4. e3 Nc6 5. Nbd2 e6 6. Bb5 Bd7 7. c3 Be7 8. Bxc6 Bxc6 9. Ne5 O-O 10. Nxc6 bxc6 11. O-O Qb6 12. Qb3 Rfc8 13. dxc5 Bxc5 14.
Rfc1 h6 15. c4 Bb4 16. Nf3 Ne4 17. Ne5 Nf6 18. cxd5 cxd5 19. a3 Be7 20. Qxb6 axb6 21. Nc6 Bc5 22. Nd4 Bxd4 23. exd4 Nd7 24. f3 f6 25. Bd6 Kf7 26. Rxc8 Rxc8 27. a4 Rc4 28. b4 Rc6 29. Bg3 e5 30. dxe5 fxe5 31. a5 bxa5 32. bxa5 Ra6 33. Be1 Ke6 34. Kf1 Nb8 35. Rb1 Nc6 36.
Rb5 Nd4 37. Rb6+ Rxb6 38. axb6 Kd7 39. Bc3 Nc6 40. f4 d4 41. Bd2 e4 42. f5 h5 43.
Bf4 Kc8 44. Bc7 Ne7 0-1

[Event "Early-Titled-Tuesday-Blitz-July-09-2024"]
[Site "Chess.com"]
[Date "2024.07.09"]
[Round "5"]
[White "mwpchess"]
[Black "Chessbard1972"]
[Result "1/2-1/2"]
[WhiteElo "2754"]
[BlackElo "2232"]
[TimeControl "180+1"]
[EndTime "8:58:30 PDT"]
[Termination "Game drawn - insufficient material"]

1. e4 c5 2. Be2 a6 3. f4 e6 4.
Nf3 b5 5. c3 Bb7 6. d3 d5 7. e5 h5 8. d4 Nh6 9. Be3 Nf5 10. Bf2 Qb6 11. g3 Nc6 12. O-O Rc8 13. Bd3 g6 14. Bxf5 gxf5 15. Nbd2 Be7 16. dxc5 Bxc5 17.
Nb3 Bxf2+ 18. Rxf2 h4 19. Nbd4 hxg3 20. hxg3 Nxd4 21. Qxd4 Qxd4 22. Nxd4 b4 23. Rc2 Rc4 24. b3 Rxc3 25. Rxc3 bxc3 26. Rc1 Kd7 27. Rxc3 Rc8 28.
Rxc8 Bxc8 29. b4 Kc7 30. a3 Bd7 31. Kh2 Kd8 32. Kg2 Ke7 33. Kf2 f6 34. Nf3 fxe5 35.
Nxe5 Be8 36. Ke3 Kd6 37. Kd4 Ba4 38. Nd3 Be8 39. Nc5 Bb5 40. a4 Bf1 41. Nb3 Be2 42. Na1 Bd1 43. a5 Kc6 44. Kc3 Kb5 45. Kd2 Ba4 46.
Kc3 d4+ 47. Kxd4 Kxb4 48. Ke5 Kxa5 49. Kxe6 Kb4 50. Kxf5 Bd7+ 51. Ke5 Kc3 52. f5 Kb2 53. g4 a5 54. g5 Kxa1 55. f6 Be8 56. Ke6 a4 57. f7 Bxf7+ 58. Kxf7 a3 59. g6 a2 60. g7 Kb1 61. g8=Q a1=Q 62. Qg6+ Ka2 63. Qa6+ Kb1 64. Qxa1+ Kxa1 1/2-1/2

[Event "Early-Titled-Tuesday-Blitz-July-09-2024"]
[Site "Chess.com"]
[Date "2024.07.09"]
[Round "5"]
[White "nicolochessit"]
[Black "zverr1"]
[Result "1-0"]
[WhiteElo "2389"]
[BlackElo "2545"]
[TimeControl "180+1"]
[EndTime "8:58:32 PDT"]
[Termination "nicolochessit won by checkmate"]

1. d4 Nf6 2. Nc3 d5 3. Bg5 a6 4. e3 b5 5. f4 Bb7 6. Nf3 e6 7. Bd3 c5 8. O-O Nc6 9. Ne5 cxd4 10.
Nxc6 Bxc6 11. exd4 Qb6 12. Kh1 Be7 13. f5 Bd7 14. a4 Qxd4 15. fxe6 Bc6 16. axb5 Bb7 17. bxa6 Bc6 18. exf7+ Kf8 19. Bb5 Qc5 20. Bxc6 Qxc6 21.
Bxf6 gxf6 22. Qxd5 Rxa6 23. Qxc6 Rxc6 24. Ra8+ Kg7 25.
Rxh8 Kxh8 26. Nd5 Bf8 27. Nxf6 Rxc2 28. Nd7 Kg7 29. b4 Rb2 30. Nc5 Bxc5 31. bxc5 Kf8 32.
Rc1 Kxf7 33. c6 Rb8 34. g4 Ke6 35. Kg2 Kd6 36. c7 Rc8 37. Kg3 Rxc7 38. Rxc7 Kxc7 39. Kf4 Kd7 40. Kg5 Ke7 41. Kh6 Kf6 42. h4 Kf7 43.
Kxh7 Kf6 44. g5+ Kf7 45. g6+ Kf6 46. g7 Kf5 47. g8=Q Kf6 48. Qg5+ Ke6 49. Kg6 Kd6 50.
h5 Ke6 51. h6 Kd6 52. h7 Ke6 53. h8=Q Kd7 54. Qhf6 Ke8 55. Qh5 Kd7 56. Qh7+ Kc8 57. Qfh8# 1-0

[Event "Early-Titled-Tuesday-Blitz-July-09-2024"]
[Site "Chess.com"]
[Date "2024.07.09"]
[Round "5"]
[White "Karttunen"]
[Black "Kirill_Klukin"]
[Result "0-1"]
[WhiteElo "2682"]
[BlackElo "2923"]
[TimeControl "180+1"]
[EndTime "8:58:33 PDT"]
[Termination "Kirill_Klukin won by resignation"]

1. e4 c5 2. Nf3 g6 3. d4 cxd4 4. Nxd4 Bg7 5. c4 Nc6 6. Be3 Nf6 7. Nc3 O-O 8. Be2 d6 9. f3 Nh5 10. Qd2 Nxd4 11. Bxd4 Bxd4 12. Qxd4 Nf4 13. g3 Ne6 14. Qe3 Bd7 15. O-O a5 16. b3 Bc6 17. Rad1 Nc5 18. e5 Qb6 19. exd6 exd6 20. Rxd6 Rfe8 21. Ne4 Kf8 22. Rf2 Nd7 23. Qxb6 Nxb6 24. Nf6 Re5 25. c5 Rxc5 26. Bd3 Ke7 27. Ne4 Bxe4 28. Rxb6 Bxd3 29. Rxb7+ Kf8 30. Rd2 Rd5 31. Kf2 Rad8 32. Ra7 Bf5 33. Re2 Be6 34. g4 Rd2 35. Rxa5 Rxe2+ 36. Kxe2 Rc8 37.
Ke3 Kg7 38. h4 h6 39. h5 g5 40. Rb5 Kf6 41. Kd3 Rc1 42. a4 Rb1 43. b4 Rb3+ 44. Ke4 Bd7 45. Rb6+ Ke7 46. a5 Kd8 47. a6 Kc7 48.
Rb7+ Kd6 49. Rb6+ Bc6+ 50. Kd4 Kc7 51. Kc4 Rxf3 52. b5 Kxb6 53. bxc6 Kxc6 0-1

[Event "Early-Titled-Tuesday-Blitz-July-09-2024"]
[Site "Chess.com"]
[Date "2024.07.09"]
[Round "5"]
[White "eljanov"]
[Black "Bykov_Egor"]
[Result "1-0"]
[WhiteElo "2920"]
[BlackElo "2681"]
[TimeControl "180+1"]
[EndTime "8:58:33 PDT"]
[Termination "eljanov won on time"]

1. d4 Nf6 2. Nf3 e6 3. Bf4 c5 4. e3 Nc6 5. c3 d5 6. Nbd2 cxd4 7. exd4 Nh5 8. Be3 Bd6 9. Ne5 g6 10. Nd3 O-O 11. g3 f6 12. Bg2 Bd7 13. O-O Ne7 14. g4 Ng7 15. f4 Bb5 16. Qb1 Qb6 17. a4 Bxd3 18. Qxd3 f5 19. g5 Rac8 20. c4 Qa6 21. b3 Bb4 22. Rfc1 dxc4 23. bxc4 Nd5 24.
Bf1 Nxe3 25. Qxe3 Bxd2 26. Qxd2 Qd6 27. c5 Qc7 28. Re1 Rfd8 29. Rad1 Nh5 30. Re5 Rd5 31. Bc4 Rxe5 32. fxe5 Qc6 33. Qg2 Nf4 34. Qxc6 Rxc6 35. a5 b6 36. Bb5 Rc8 37. cxb6 axb6 38. a6 Nd5 39. Bd7 Rd8 40. Bxe6+ Kf8 41. Bxd5 Rxd5 42. a7 Ra5 43. d5 Rxa7 44. d6 Ke8 45. e6 Rc7 46.
dxc7 1-0

[Event "Early-Titled-Tuesday-Blitz-July-09-2024"]
[Site "Chess.com"]
[Date "2024.07.09"]
[Round "5"]
[White "IsuruAlahakoon"]
[Black "Me_ch_an"]
[Result "1-0"]
[WhiteElo "2440"]
[BlackElo "2302"]
[TimeControl "180+1"]
[EndTime "8:58:33 PDT"]
[Termination "IsuruAlahakoon won by resignation"]

1. Nf3 d5 2. e3 Nf6 3. b3 c5 4.
Bb2 Nc6 5. Bb5 Bg4 6. h3 Bxf3 7. Qxf3 Rc8 8. c4 a6 9. Bxc6+ Rxc6 10. Bxf6 gxf6 11.
Qxd5 Qc8 12. Nc3 Bg7 13. O-O Rd6 14. Qh5 f5 15. Rad1 O-O 16. Ne2 Rfd8 17. Ng3 e6 18.
Qg5 f6 19. Qf4 Rxd2 20. Rxd2 Rxd2 21. e4 Rd4 22. Qf3 fxe4 23. Nxe4 Qd8 24. Re1 b6 25. Ng3 Qd7 26. Qa8+ Kf7 27. Qxa6 Rd1 28. Rxd1 Qxd1+ 29. Kh2 Qd6 30. Qb7+ Kg6 31. Qe4+ f5 32. Qh4 Be5 33. Qh5+ Kg7 34. Qf3 Bxg3+ 35. Qxg3+ Qxg3+ 36. Kxg3 Kf6 37. f4 e5 38. fxe5+ Kxe5 39. Kf3 f4 40. h4 h5 41. a3 Kd4 42. Kxf4 Kc3 43. g4 Kxb3 44. gxh5 Kxc4 45. h6 Kb3 46. h7 c4 47. h8=Q c3 1-0

[Event "Early-Titled-Tuesday-Blitz-July-09-2024"]
[Site "Chess.com"]
[Date "2024.07.09"]
[Round "5"]
[White "Alexchess1984"]
[Black "Antek_Radzimski"]
[Result "1/2-1/2"]
[WhiteElo "2790"]
[BlackElo "2575"]
[TimeControl "180+1"]
[EndTime "8:58:34 PDT"]
[Termination "Game drawn - insufficient material"]

1. d4 Nf6 2. Bf4 d5 3. e3 c5 4. c3 Nc6 5. Nf3 Qb6 6. Qb3 c4 7. Qc2 Bf5 8. Qc1 g6 9. Nbd2 Bg7 10. h3 O-O 11. Be2 Ne4 12. O-O Qa6 13. b3 Na5 14.
bxc4 Nxc4 15. Nxc4 dxc4 16. Ne5 Rac8 17. a4 Rfd8 18. Rd1 Qa5 19. Ra3 Nd6 20. Qb2 b6 21.
Bf3 Be4 22. Bxe4 Nxe4 23. f3 Nc5 24. Nxc4 Nxa4 25. Qb3 Qxc3 26. Qxc3 Nxc3 27. Rxc3 b5 28. Rdc1 Rxc4 29. Rxc4 bxc4 30. Rxc4 f6 31. e4 f5 32. d5 fxe4 33. fxe4 Rd7 34. Rc6 a5 35. Ra6 Bc3 36. Kf2 Rb7 37. Bh6 Kf7 38. Ra8 Kf6 39. Rf8+ Ke5 40.
Bg7+ Kxe4 41. Bxc3 Kxd5 42. Bxa5 e5 43. Re8 Ke4 44.
Bc3 Rb5 45. Ke2 Rc5 46. Kd2 Kf4 47. Re6 Kg3 48. Bxe5+ Kxg2 49. h4 Kh3 50. Bf6 Kg4 51. Re4+ Kf5 52. Bd4 Kxe4 53. Bxc5 Kf4 54. Be7 Kg4 55.
Bg5 h6 56. Bxh6 Kxh4 57. Ke3 Kg4 58. Bf4 Kf5 59. Kf3 Ke6 60. Kg4 Kd7 61. Kg5 Kc6 62.
Kxg6 1/2-1/2

[Event "Early-Titled-Tuesday-Blitz-July-09-2024"]
[Site "Chess.com"]
[Date "2024.07.09"]
[Round "5"]
[White "krzyzan94"]
[Black "bilosuvenosu06"]
[Result "1-0"]
[WhiteElo "2790"]
[BlackElo "2552"]
[TimeControl "180+1"]
[EndTime "8:58:35 PDT"]
[Termination "krzyzan94 won on time"]

1. Nf3 d5 2. g3 Nf6 3. Bg2 Nbd7 4. d4 e6 5. O-O Bd6 6. a4 c6 7. c4 O-O 8. Qd3 Ne4 9. Nc3 f5 10. b3 Qf6 11. Ba3 Bxa3 12. Rxa3 g5 13. Ra2 g4 14. Nd2 Qh6 15. f3 Nxd2 16. Rxd2 Nf6 17. c5 Bd7 18. Nd1 Rae8 19. Qe3 Qxe3+ 20. Nxe3 e5 21. dxe5 Rxe5 22. Nc2 Rfe8 23. Kf2 gxf3 24. exf3 Kf7 25. Re1 Rxe1 26. Nxe1 f4 27. Nd3 fxg3+ 28. hxg3 Bf5 29. Nf4 Nd7 30. b4 Ne5 31. Bf1 Bd7 32. b5 Bf5 33. g4 Bg6 34. Rb2 Re7 35. bxc6 bxc6 36. Ba6 Nd7 37. Bb7 Nxc5 38. Bxc6 d4 39. Bd5+ Kg7 40.
a5 Rd7 41. Bc4 Bf7 42. Bxf7 Rxf7 43. Nh5+ Kg6 44. Rb5 Nd3+ 45. Kg3 Re7 46. Rd5 Re3 47. Rxd4 Nc5 48. Rd6+ Kf7 49. Rd5 Rc3 50. g5 1-0

[Event "Early-Titled-Tuesday-Blitz-July-09-2024"]
[Site "Chess.com"]
[Date "2024.07.09"]
[Round "5"]
[White "sleeping_in_the_fire"]
[Black "deribas12345"]
[Result "0-1"]
[WhiteElo "2466"]
[BlackElo "2634"]
[TimeControl "180+1"]
[EndTime "8:58:35 PDT"]
[Termination "deribas12345 won by resignation"]

1. e4 c5 2. Nc3 e6 3. f4 d5 4. Nf3 d4 5. Bb5+ Nc6 6. Ne2 Qc7 7. d3 a6 8. Bxc6+ Qxc6 9. O-O Bd6 10. Ng3 Ne7 11. Qe1 b5 12. Nh5 Rg8 13. f5 exf5 14. Bd2 fxe4 15. dxe4 Bg4 16. Qh4 Bxf3 17. Rxf3 Ng6 18. Qh3 Ra7 19. Raf1 Qd7 20. Rf5 f6 21.
Qg4 Kd8 22. a4 Be5 23. Ba5+ Kc8 24. Qe2 Ne7 25. R5f3 Rb7 26. axb5 Qxb5 27. Qe1 Qxb2 28. Bd2 Qxc2 29. Bf4 Nc6 30. Qa1 Bxf4 31. Nxf4 Nb4 32. Qa5 Qxe4 33. Qxc5+ Qc6 34. Qxd4 Qb6 35. Qxb6 Rxb6 36.
Rc1+ Kb7 37. Rb3 a5 38. Rcb1 Rd8 39. Kf2 Rd2+ 40. Kf3 Rbd6 41. R3b2 Rxb2 42. Rxb2 g5 43.
Kf2 gxf4 44. Rd2 Rxd2+ 0-1

[Event "Early-Titled-Tuesday-Blitz-July-09-2024"]
[Site "Chess.com"]
[Date "2024.07.09"]
[Round "5"]
[White "montyotto"]
[Black "NM_Antelacus"]
[Result "0-1"]
[WhiteElo "2410"]
[BlackElo "2296"]
[TimeControl "180+1"]
[EndTime "8:58:35 PDT"]
[Termination "NM_Antelacus won by resignation"]

1. e4 c5 2. Nc3 Nc6 3. f4 g6 4. Nf3 Bg7 5. Bc4 e6 6. f5 Nge7 7. fxe6 fxe6 8. d3 O-O 9. O-O d5 10. Bb3 Nd4 11. Nxd4 cxd4 12. Rxf8+ Bxf8 13. Ne2 dxe4 14.
dxe4 Nc6 15. Nf4 Qf6 16. Qg4 Ne5 17. Bxe6+ Kh8 18. Qh3 g5 19. Bxc8 gxf4 20. Bf5 Qh6 21. Qxh6 Bxh6 22. g3 Nf7 23. gxf4 Nd6 24. Be6 Nxe4 25.
Bd5 Nc5 26. f5 Bxc1 27. Rxc1 Kg7 28. Re1 Kf6 29. Be6 Na4 30. b3 Nc3 31. a4 Rd8 32. Kf2 b6 33. Bc4 Rd6 34. Bd3 Nd5 35. Re8 Nb4 36.
Rh8 Kg7 37. Ra8 Rd7 38. Ke2 Re7+ 39. Kf3 Rc7 40. Kf4 Kf6 41. Rf8+ Kg7 42. Ra8 Kf6 43. h4 Nxc2 44. Bxc2 Rxc2 45. Rxa7 Rf2+ 46. Kg3 Rxf5 47.
Rd7 Ke5 48. Rxh7 d3 49. Rd7 Ke4 50. Re7+ Kd4 51. Kg4 Rd5 52. Re1 d2 53. Rh1 Kc3 54. h5 Kxb3 55. h6 Rd8 56. h7 Kc2 57. Rh2 Kc1 58.
h8=Q Rxh8 59. Rxh8 d1=Q+ 60. Kg5 Qxa4 61. Kg6 Kc2 0-1

[Event "Early-Titled-Tuesday-Blitz-July-09-2024"]
[Site "Chess.com"]
[Date "2024.07.09"]
[Round "5"]
[White "InitiatingASC"]
[Black "Erdnya15"]
[Result "0-1"]
[WhiteElo "2427"]
[BlackElo "2596"]
[TimeControl "180+1"]
[EndTime "8:58:36 PDT"]
[Termination "Erdnya15 won by checkmate"]

1. d4 d5 2. c4 c6 3. Nf3 Nf6 4. g3 g6 5. Bg2 Bg7 6. O-O dxc4 7.
Ne5 Ng4 8. Nxg4 Bxg4 9. Be3 O-O 10. Na3 Be6 11. Rc1 Bd5 12. Nxc4 Bxg2 13. Kxg2 Na6 14. Qd2 Nc7 15. f3 Ne6 16. Rfd1 h5 17. Na5 Rb8 18.
Nb3 Qd5 19. Bf2 f5 20. Qa5 Qd7 21. Nc5 Nxc5 22. Qxc5 Qe6 23. Qc4 Qxc4 24. Rxc4 e6 25. e3 Rbd8 26. Rb1 e5 27. dxe5 Bxe5 28. Rc2 Rd3 29. Re1 Rfd8 30. Ree2 a6 31. Be1 g5 32. Kf2 g4 33. f4 Bb8 34. Ba5 R8d5 35. Bb6 Kf7 36. Rc5 Rxc5 37. Bxc5 Ke6 38. e4 fxe4 39. Be3 Kd5 40. Rc2 Bd6 41. Ke2 c5 42. b3 b5 43.
Bc1 c4 44. bxc4+ bxc4 45. Be3 c3 46. Rc1 Kc4 47. Rd1 Rxd1 48. Kxd1 Kd3 49. Bb6 c2+ 50. Kc1 Ba3# 0-1

[Event "Early-Titled-Tuesday-Blitz-July-09-2024"]
[Site "Chess.com"]
[Date "2024.07.09"]
[Round "5"]
[White "AcostaPablo"]
[Black "PLAYER_2006_M"]
[Result "0-1"]
[WhiteElo "2699"]
[BlackElo "2946"]
[TimeControl "180+1"]
[EndTime "8:58:38 PDT"]
[Termination "PLAYER_2006_M won by resignation"]

1. d4 e6 2. c4 b6 3. Nc3 Bb4 4.
Bd2 Bb7 5. e3 Nf6 6. f3 O-O 7.
Bd3 d5 8. Nge2 dxc4 9. Bxc4 c5 10.
a3 cxd4 11. axb4 dxc3 12. Bxc3 Qe7 13. O-O Rc8 14. Bb3 Na6 15. Qe1 Nc7 16. Qg3 Bd5 17. Bxd5 Ncxd5 18. e4 Nxb4 19. Rfd1 Nc6 20. Nf4 Rd8 21.
Qg5 h6 22. Qb5 Rac8 23. Kf1 Ne8 24. g3 Qg5 25. e5 Qe7 26. Ke2 Qb7 27. Qb3 Nc7 28.
Qc4 Nd5 29. Nxd5 exd5 30. Rxd5 Nd4+ 31. Rxd4 Rxc4 32. Rxc4 a5 33. Re4 Qd5 34. Kf2 Qe6 35. Kg2 Rd3 36. Rf4 Kh7 37. Re1 Qd5 38. e6 fxe6 39.
Rf7 e5 40. Rxe5 Qxf7 41. f4 a4 42. Rb5 Qb7+ 43. Kf2 Qc6 44. Re5 Rxc3 45. bxc3 a3 46. Re2 Qxc3 47. Re3 Qb2+ 0-1

[Event "Early-Titled-Tuesday-Blitz-July-09-2024"]
[Site "Chess.com"]
[Date "2024.07.09"]
[Round "5"]
[White "prosequi"]
[Black "AA95"]
[Result "0-1"]
[WhiteElo "2331"]
[BlackElo "2517"]
[TimeControl "180+1"]
[EndTime "8:58:38 PDT"]
[Termination "AA95 won by resignation"]

1. e4 c6 2. d4 d5 3. e5 g6 4. Bd3 Bg7 5. Nf3 Bg4 6. h3 Bxf3 7. Qxf3 e6 8. O-O h6 9. Be3 Ne7 10. c4 O-O 11. c5 b6 12. b4 a5 13. Bd2 axb4 14. Bxb4 bxc5 15. Bxc5 Nd7 16. Bd6 c5 17. Qe3 cxd4 18. Qxd4 Nc6 19. Qe3 Ncxe5 20. Bxf8 Qxf8 21. Nd2 Nxd3 22. Qxd3 Bxa1 23. Rxa1 Qa3 24. Nb3 Nc5 25. Nxc5 Qxc5 26. a4 Qb4 27. Qc2 Kg7 28. Qc6 Ra5 29. Qc2 d4 30. Qd1 h5 31. Ra2 Qc3 32. Rc2 Qb3 33.
Qxd4+ e5 34. Qc3 Qxc3 35. Rxc3 Rxa4 36. Re3 Kf6 37. g3 h4 38. Kg2 Ke6 39. g4 Rf4 40. Rb3 Kf6 41. Rb6+ Kg7 42. Rb7 Rd4 43. Rb6 Rd2 44.
Rb4 Kf6 45. Rb6+ Kg5 46. Rb7 f6 47. Rb6 e4 48. Rb5+ Kf4 49. Rb6 e3 50. Rxf6+ Ke5 51.
Rf8 e2 52. Re8+ Kd4 53. Kf3 Kd3 54. Rd8+ Kc2 55. Re8 Kd1 56. Kg2 e1=Q 0-1

[Event "Early-Titled-Tuesday-Blitz-July-09-2024"]
[Site "Chess.com"]
[Date "2024.07.09"]
[Round "5"]
[White "Sawatdeekhrap"]
[Black "Mattheii"]
[Result "1-0"]
[WhiteElo "2766"]
[BlackElo "2475"]
[TimeControl "180+1"]
[EndTime "8:58:39 PDT"]
[Termination "Sawatdeekhrap won by resignation"]

1. e4 c5 2. Nf3 d6 3. d4 cxd4 4.
Nxd4 Nf6 5. Nc3 Nc6 6. Bg5 e6 7. Qd2 a6 8. O-O-O Bd7 9. f4 Be7 10. h4 b5 11. Nxc6 Bxc6 12. Bd3 b4 13. Ne2 Nxe4 14.
Bxe4 Bxe4 15. Ng3 Bd5 16. f5 O-O 17. Nh5 f6 18. Be3 Qa5 19. a3 Be4 20. Qxb4 Qxb4 21. axb4 Bxg2 22. Rhg1 Bf3 23. Nxg7 Bxd1 24. Nxe6+ Kh8 25.
Nxf8 Bf3 26. Ne6 Rg8 27. Re1 d5 28. Bd4 Be4 29. Nc5 Rg4 30. h5 Bxc5 31. Bxf6+ Kg8 32. bxc5 Bxf5 33. c6 Rg2 34. c3 Rc2+ 35. Kd1 Rxb2 36.
Re7 Rb1+ 37. Kd2 Rb2+ 38. Ke3 Kf8 39. Ra7 Rb6 40. Bg7+ Ke8 41. c7 Rc6 42. Bd4 Kd7 43.
Be5 Kc8 44. Ra8+ Kb7 45. Rb8+ Ka7 46. Bd4+ 1-0

[Event "Early-Titled-Tuesday-Blitz-July-09-2024"]
[Site "Chess.com"]
[Date "2024.07.09"]
[Round "5"]
[White "NikitaShnadrygin"]
[Black "Aggressus"]
[Result "0-1"]
[WhiteElo "2734"]
[BlackElo "2577"]
[TimeControl "180+1"]
[EndTime "8:58:39 PDT"]
[Termination "Aggressus won on time"]

1. e4 c5 2. Nf3 Nc6 3. d4 cxd4 4. Nxd4 Nf6 5. Nc3 e5 6. Ndb5 d6 7. Bg5 a6 8. Na3 b5 9. Nd5 Be7 10. Bxf6 Bxf6 11. c3 Ne7 12. Nxf6+ gxf6 13. Nc2 f5 14. exf5 Bxf5 15. a4 Rb8 16. axb5 axb5 17. Nb4 O-O 18. Bd3 Be6 19. Ra6 Rb6 20. Qh5 Ng6 21. Rxb6 Qxb6 22.
O-O f5 23. g3 d5 24. Qe2 Rb8 25. Kh1 e4 26. Bc2 d4 27. cxd4 Qxd4 28. Nc6 Qb6 29.
Nxb8 Bc4 30. Nd7 Bxe2 31. Nxb6 Bxf1 32. Kg1 Be2 33. Nd5 Kg7 34. b3 Ne5 35. Nc3 Nf3+ 36. Kh1 Ne1 37. Nxe2 Nxc2 38. Kg2 Kf6 39. Kf1 Ke5 40.
h4 b4 41. h5 Na1 42. Nc1 Kd4 43. Ke2 Kc3 44. Ke3 Nxb3 45. Ne2+ Kc2 46. Kf4 Nc1 47. Nd4+ Kd3 48. Nb5 Ne2+ 49. Kg5 Nd4 50. Nc7 b3 51. Nd5 b2 52. Nb4+ Kc3 53. Nd5+ Kd3 54.
Nb4+ Kc4 0-1

[Event "Early-Titled-Tuesday-Blitz-July-09-2024"]
[Site "Chess.com"]
[Date "2024.07.09"]
[Round "5"]
[White "artin10862"]
[Black "Potosino1970"]
[Result "1-0"]
[WhiteElo "2956"]
[BlackElo "2717"]
[TimeControl "180+1"]
[EndTime "8:58:40 PDT"]
[Termination "artin10862 won by resignation"]

1. e4 d6 2. Nf3 Nf6 3. Nc3 e5 4. Bc4 Be7 5. d3 c6 6. a3 O-O 7. O-O b5 8. Ba2 Bb7 9. Ng5 h6 10. Nh3 a5 11. f4 b4 12. Ne2 Nbd7 13. Ng3 d5 14. fxe5 Nxe5 15. d4 Ng6 16. e5 Ne4 17. Nxe4 dxe4 18. c3 c5 19. Qg4 Bd5 20. e6 Bxa2 21.
Rxa2 Qd5 22. exf7+ Rxf7 23. Rxf7 Qxf7 24. Ra1 cxd4 25.
cxd4 Rf8 26. Be3 Qf5 27. Qxf5 Rxf5 28. axb4 Bxb4 29. Nf2 Ne7 30. Nxe4 Nd5 31. Bf2 Rf7 32. Nc5 Re7 33. Nb3 Re2 34. Nxa5 Rxb2 35. Nc4 Rc2 36. Ne3 Nxe3 37. Bxe3 Re2 38. Bf4 Bc3 39. Ra8+ Kh7 40. Be5 Re4 41. Rd8 g5 42. h3 h5 43. Rd6 h4 44. Kf2 Bd2 45. Kf3 Re1 46. Kg4 Re2 47.
Kh5 Kg8 48. Kg6 Kf8 49. Re6 Bf4 50. Bd6+ 1-0

[Event "Early-Titled-Tuesday-Blitz-July-09-2024"]
[Site "Chess.com"]
[Date "2024.07.09"]
[Round "5"]
[White "Paladin61"]
[Black "Pitomina"]
[Result "0-1"]
[WhiteElo "2738"]
[BlackElo "2588"]
[TimeControl "180+1"]
[EndTime "8:58:40 PDT"]
[Termination "Pitomina won on time"]

1. e4 d5 2. exd5 Qxd5 3. Nc3 Qd8 4. d4 g6 5. Nf3 Bg7 6. Bc4 Nf6 7. Bf4 O-O 8. Qd2 a6 9. a4 Nc6 10. h3 b6 11. O-O Bb7 12. Rad1 e6 13. Bh6 Ne7 14. Ne5 Nf5 15. Bxg7 Kxg7 16. Rfe1 Qd6 17. Bf1 Rad8 18.
Ne2 c5 19. c3 cxd4 20. Nxd4 Nxd4 21. cxd4 Rc8 22. Qf4 Rfd8 23. Rd2 Rc7 24. h4 h6 25.
Qe3 a5 26. Qb3 Bd5 27. Qe3 Qb4 28. Bb5 Rdc8 29. Nd3 Qd6 30. Ne5 Rc1 31. Re2 Rxe1+ 32. Rxe1 Qb4 33. Re2 Qb3 34. Bd3 Qxa4 35. Bxg6 fxg6 36.
Qg3 Qa1+ 37. Kh2 Qb1 38. f3 Qf5 39. Re1 g5 40. Kg1 Qf4 41. Qf2 gxh4 42. Nd3 Qg3 43. Qe3 Rc2 44. Re2 Rxe2 45. Qxe2 h3 46. Ne1 Nh5 47. Qe3 a4 48. Qe2 hxg2 49. Qe3 Nf4 50. Qe5+ Kg6 0-1